 Dungeon Crawl Stone Soup version 0.28-a0-773-g130ae17fe5 (webtiles) character file.

Game seed: 9846551415730190549

1103 ytrimaz the Ruffian (level 8, -1/59 HPs)
             Began as a Demonspawn Berserker on Nov 1, 2021.
             Was a Priest of Trog.
             Slain by a yak (6 damage)
             ... on level 6 of the Dungeon.
             The game lasted 00:06:08 (5146 turns).

ytrimaz the Ruffian (Demonspawn Berserker)          Turns: 5146, Time: 00:06:09

Health: -1/59      AC: 13    Str: 21    XL:     8   Next: 11%
Magic:  8/8        EV: 13    Int:  8    God:    Trog [***...]
Gold:   221        SH:  4    Dex: 12    Spells: 7/7 levels left

rFire   . . .      SeeInvis .     - Unarmed
rCold   . . .      Faith    .   (no shield)
rNeg    . . .      Spirit   .   a - +0 animal skin
rPois   .          Reflect  .   b - +0 helmet
rElec   .          Harm     .   (no cloak)
rCorr   .          Rampage  .   (no gloves)
Will    .....                   (no boots)
Stlth   +.........              (no amulet)
HPRegen 0.19/turn               g - +4 ring of protection
MPRegen 0.11/turn               (no ring)

@: on berserk cooldown, slowed, very slow
A: molten scales 1, icemail 1, powered by pain 1, condensation shield
a: Renounce Religion, Berserk, Trog's Hand


You were on level 6 of the Dungeon.
You worshipped Trog.
Trog was most pleased with you.
You visited 1 branch of the dungeon, and saw 6 of its levels.

You collected 221 gold pieces.

Inventory:

Missiles
 f - 2 throwing nets (quivered)
Armour
 a - a +0 animal skin (worn)
 b - a +0 helmet (worn)
Jewellery
 g - a +4 ring of protection (left hand)
Wands
 h - a wand of mindburst (9)
 l - a wand of acid (7)
 n - a wand of charming (7)
Scrolls
 d - a scroll of enchant weapon
 j - a scroll of immolation
 k - 2 scrolls of magic mapping {unknown}
 m - a scroll of blinking {unknown}
 o - a scroll of acquirement {unknown}
Potions
 c - a potion of berserk rage
 e - 2 potions of curing {unknown}
 i - a potion of invisibility {unknown}


   Skills:
 + Level 3.6 Fighting
 - Level 2.0 Armour
 + Level 4.4 Dodging
 + Level 2.2 Shields
 + Level 7.4 Unarmed Combat


You had 7 spell levels left.
You didn't know any spells.
Your spell library was empty.

Dungeon Overview and Level Annotations

Branches:
Dungeon (6/15)
 Temple: D:4-7

Altars:
Dithmenos
Makhleb
Sif Muna

Shops:
D:1 (   D:2 !   D:4 :


Innate Abilities, Weirdness & Mutations

You are partially covered in molten scales. (AC +2)
A meltable icy envelope protects you from harm. (AC +4)
You sometimes gain a little power by taking damage.
A meltable shield of frost defends you. (SH +4)


Message History

You barely miss the yak. You punch the yak.
The yak is heavily wounded.
Unknown command.
You hit the yak.
The yak is heavily wounded.
The yak gores you but does no damage. The yak closely misses you.
The yak gores you! The yak gores you. x2
You barely miss the yak.
The yak is heavily wounded.
Unknown command.
You punch the yak!
The yak is severely wounded.
The yak gores you but does no damage. The yak barely misses you.
The yak gores you. The yak gores you! The yak gores you but does no damage.
Unknown command.
You barely miss the yak.
The yak is moderately wounded.
The yak gores you!
You punch the yak!
The yak is almost dead.
The yak gores you!
* * * LOW HITPOINT WARNING * * *
The yak gores you.
* * * LOW HITPOINT WARNING * * *
The yak gores you but does no damage. The yak closely misses you.
The yak gores you but does no damage. You block the yak's attack.
You feel a strong urge to attack something.
You barely miss the yak.
The yak is moderately wounded.
The yak gores you!
* * * LOW HITPOINT WARNING * * *
Unknown command.
You are no longer berserk.
You are exhausted.
You feel yourself slow down.
As you read the scroll labelled KAONYXUTUE, it crumbles to dust.
The creatures around you are filled with an inner flame!
It was a scroll of immolation.
You block the yak's attack. The yak barely misses you. The yak gores you.
You die...

....>.### .<.# ........##
.... .........# .....
.........# ....#
....(....## ......
..........# #......
.......#### ####.......
.....####.########Y.....#
...
.....##.........@YY....##
....
...........#.....YY....#
#...##
...........##..........#
#...#
..........####.....#...#
#... #.†...#...#
#.........# #..
###.(.#...# ##........##
#.. #......##
#..........## ##..
##.....#
##......##...#####...
#.....#
##.......###...##....#


You could see 5 yaks.

Vanquished Creatures
  A necrophage (D:6)
  An ogre (D:4)
  3 phantoms
  A bullfrog (D:6)
  A scorpion (D:5)
  A water moccasin zombie (D:6)
  5 hounds
  An orc priest (D:3)
  A centaur skeleton (D:4)
  3 iguanas (D:5)
  A hound skeleton (D:5)
  7 gnolls (D:4)
  5 adders
  A shadow imp (D:3)
  3 worms
  4 dart slugs
  11 orcs
  6 bats
  3 endoplasms
  5 giant cockroaches
  4 goblins
  4 hobgoblins
  6 jackals
  10 kobolds
  4 quokkas
  8 ball pythons
  11 frilled lizards
  7 rats
118 creatures vanquished.

Vanquished Creatures (collateral kills)
  A bat (D:2)
1 creature vanquished.

Grand Total: 119 creatures vanquished

Notes
Turn   | Place    | Note
-------+----------+-------------------------------------------
     0 | D:1      | ytrimaz the Demonspawn Berserker began the quest for the
                  | Orb.
     0 | D:1      | Reached XP level 1. HP: 18/18 MP: 1/1
   206 | D:1      | Reached skill level 3 in Unarmed Combat
   228 | D:1      | Gained mutation: A meltable shield of frost defends you.
                  | (SH +4) [demonic ancestry]
   228 | D:1      | Reached XP level 2. HP: 24/24 MP: 2/2
   379 | D:1      | Reached ** piety under Trog
   648 | D:1      | Found Gifoujur's Weapon Emporium.
   694 | D:1      | Gained mutation: A meltable icy envelope protects you from
                  | harm. (AC +4) [demonic ancestry]
   694 | D:1      | Reached XP level 3. HP: 22/29 MP: 3/3
  1560 | D:2      | Found Qeuwnux's Distillery.
  1596 | D:2      | Found a faded altar of an unknown god.
  1611 | D:2      | Reached XP level 4. HP: 35/35 MP: 4/4
  1612 | D:2      | You fall into a shaft and drop 1 floor!
  1720 | D:3      | Reached skill level 4 in Unarmed Combat
  1770 | D:3      | Reached *** piety under Trog
  2524 | D:3      | Reached skill level 1 in Shields
  2524 | D:3      | Reached XP level 5. HP: 41/41 MP: 5/5
  2930 | D:4      | Noticed an ogre
  2937 | D:4      | Killed an ogre
  3018 | D:4      | Reached skill level 5 in Unarmed Combat
  3026 | D:4      | Gained mutation: You sometimes gain a little power by
                  | taking damage. [demonic ancestry]
  3026 | D:4      | Reached XP level 6. HP: 47/47 MP: 6/6
  3437 | D:4      | Found Umuru Saore's Self-Improvement Boutique.
  3762 | D:5      | Entered Level 5 of the Dungeon
  4062 | D:5      | Reached skill level 6 in Unarmed Combat
  4062 | D:5      | Gained mutation: You are partially covered in molten
                  | scales. (AC +2) [demonic ancestry]
  4062 | D:5      | Reached XP level 7. HP: 45/52 MP: 7/7
  4124 | D:5      | Found a shadowy altar of Dithmenos.
  4124 | D:5      | Found a shimmering blue altar of Sif Muna.
  4124 | D:5      | Found a burning altar of Makhleb.
  4867 | D:6      | Reached skill level 7 in Unarmed Combat
  4930 | D:6      | Reached XP level 8. HP: 50/59 MP: 8/8
  5146 | D:6      | Slain by a yak

Illustrated notes

Levels and vault maps discovered:
D:1:      shiori_arrival_maze, layout_basic, serial_shops,
          nicolae_shop_behind_doors, minmay_tiny_reverse_x
D:2:      layout_basic, basic_ecumenical_altar, serial_shops, shop
D:3:      layout_loops_ring
D:4:      layout_basic, nicolae_shop_self_help
D:5:      layout_cave_pools, gammafunk_temple_overflow_claw
D:6:      layout_layer_cave, minmay_temple_entry_tees, amethyst_killhole

Skill      XL: |  1  2  3  4  5  6  7 |
---------------+----------------------+-----
Unarmed Combat | 3 4 5 6 7 |  7.4
Armour         | 2 |  2.0
Dodging        | 2 3 4 |  4.4
Shields        | 1 2 |  2.2
Fighting       | |  3.6

Action                   |  1- 3 |  4- 6 |  7- 9 || total
-------------------------+-------+-------+-------++-------
Melee: Unarmed           |   191 |   236 |   132 ||   559
       Punch             |     1 |     4 |     7 ||    12
Invok: Berserk           |       |     2 |     1 ||     3
       Trog's Hand       |       |     1 |       ||     1
  Use: Scroll            |     3 |     2 |     1 ||     6
 Stab: Sleeping          |     2 |     2 |       ||     4
Armor: Animal skin       |    48 |    77 |    55 ||   180
Dodge: Dodged            |    86 |   119 |    76 ||   281
Block: Other             |    26 |    26 |    19 ||    71

Table legend: (Time is in decaauts)
 A = Elapsed time spent in this place.
 B = Non-inter-level travel time spent in this place.
 C = Inter-level travel time spent in this place.
 D = Time resting spent in this place.
 E = Time spent auto-exploring this place.
 F = Levels seen in this place.
 G = Mean time per level.
                   A        B        C        D        E       F      G
               +--------+--------+--------+--------+--------+-----+--------+
         Total |   5108 |   5027 |     81 |    132 |   3890 |   6 |  851.3 |
       Dungeon |   5108 |   5027 |     81 |    132 |   3890 |   6 |  851.3 |
               +--------+--------+--------+--------+--------+-----+--------+

Top non-repeatable levels by time:
     D:1: 1105 daAuts
     D:2: 1010 daAuts
     D:5: 935 daAuts
     D:4: 913 daAuts
     D:3: 719 daAuts
     D:6: 422 daAuts
